 Dungeon Crawl Stone Soup version 0.27.1-34-g3ba077fa99 (webtiles) character file.

Game seed: 3577225994776854676

46 vvl the Ruffian (level 3, -5/28 HPs)
             Began as a Draconian Transmuter on Jan 15, 2022.
             Slain by Grinder (7 damage)
             ... on level 3 of the Dungeon.
             The game lasted 00:04:16 (2125 turns).

vvl the Ruffian (Draconian Transmuter)              Turns: 2125, Time: 00:04:16

Health: -5/28      AC:  5    Str: 13    XL:     3   Next: 46%
Magic:  5/6        EV: 12    Int: 13    God:
Gold:   131        SH:  0    Dex: 11    Spells: 5/6 levels left

rFire    . . .     SeeInvis .   k - +0 short sword
rCold    . . .     Faith    .   (no shield)
rNeg     . . .     Spirit   .   (armour unavailable)
rPois    .         Reflect  .   (helmet currently unavailable)
rElec    .         Harm     .   (no cloak)
rCorr    .         Rampage  .   (no gloves)
Will     .....                  (boots currently unavailable)
Stlth    +.........             (no amulet)
HPRegen  0.09/turn              (no ring)
MPRegen  0.10/turn              (no ring)

@: brilliant, appendages
A: horns 2, talons 2, AC +5, unfitting armour, cold-blooded
a: End Transformation


You were on level 3 of the Dungeon.
You had temporarily grown beastly horns and talons.
You visited 1 branch of the dungeon, and saw 3 of its levels.

You collected 131 gold pieces.

Inventory:

Hand Weapons
 k - a +0 short sword (weapon)
Magical Staves
 b - a staff of fire
Scrolls
 a - a scroll of enchant armour {unknown}
 h - a scroll of amnesia {unknown}
 i - a scroll of magic mapping {unknown}
 j - a scroll of teleportation {unknown}
Potions
 c - a potion of haste
 d - a potion of brilliance
 e - a potion of berserk rage {unknown}
 f - a potion of resistance {unknown}
 g - a potion of heal wounds {unknown}


   Skills:
 + Level 1.6 Fighting
 + Level 2.2 Dodging
 + Level 3.2 Unarmed Combat
 + Level 2.3 Spellcasting
 * Level 2.8 Transmutations


You had 5 spell levels left.
You knew the following spells:

 Your Spells              Type           Power      Damage    Failure   Level
a - Beastly Appendage     Tmut           26%        N/A       8%          1

Your spell library contained the following spells:

 Spells                   Type           Power      Damage    Failure   Level
 Wereblood                Tmut           13%        N/A       12%         2
 Spider Form              Tmut/Pois      3%         N/A       38%         3
 Ice Form                 Ice/Tmut       7%         N/A       80%         4


Dungeon Overview and Level Annotations

Branches:
Dungeon (3/15)

Altars:

Shops:
D:2 =

Annotations:
D:3 Grinder


Innate Abilities, Weirdness & Mutations

You have temporarily grown beastly horns and talons.
Your plain brown scales are hard. (AC +5)
You cannot fit into any form of body armour.
You are cold-blooded and may be slowed by cold attacks.


Message History

It was a potion of haste.
You feel yourself speed up. Grinder hits you but does no damage.
Grinder says, "Don't move a muscle."
Grinder hits you.
Your horns disappear.
Your talons disappear.
There is a stone staircase leading up here.
You climb upwards.
There is a stone staircase leading down here.
You start resting.
Your extra speed is starting to run out.
You start resting.
You feel yourself slow down.
You start resting.
HP restored.
You climb downwards.
Level annotation: Grinder
There is a stone staircase leading up here.
Grinder is nearby!
There is a stone staircase leading down here.
You grow a pair of large bovine horns.
Your feet morph into talons.
Grinder hits you!
You barely miss Grinder. Grinder hits you but does no damage.
Grinder barely misses you.
You barely miss Grinder. You claw Grinder.
Grinder is lightly wounded.
Grinder gestures at you. Pain shoots through your body!
You hit Grinder but do no damage. You claw Grinder.
Grinder is lightly wounded.
Grinder hits you.
You hit Grinder.
Grinder is moderately wounded.
Grinder hits you!
* * * LOW HITPOINT WARNING * * *
You writhe in agony.
* * * LOW HITPOINT WARNING * * *
It was a potion of brilliance.
You feel clever all of a sudden. Grinder hits you!
You die...

.#.#.#.#.#.................#
#.#.#.#.#.#................#
.#.#.#.#.#.##..............####
#.#.#.#.#.###)...........>.'..#
.#5#.#.#.#.##..............##.#
#.#.#.#.#.###..............<#.#
.#.#.#.#.#.##..............##.#
#.#.#.#.#.###..............'..#
.#.#.#.#.#......@5>........####
.#.##.#######..............#
5..##.# #..............#
.####.# #..............# .# .#
#.......[......# .. .#
################ .. .. ... .#
...


You could see Grinder.

Vanquished Creatures
  A worm (D:2)
  5 ball pythons
  5 bats
  3 goblins
  5 hobgoblins
  4 jackals
  3 quokkas
  A frilled lizard (D:1)
  8 kobolds
  6 rats
41 creatures vanquished.

Notes
Turn   | Place    | Note
-------+----------+-------------------------------------------
     0 | D:1      | vvl the Draconian Transmuter began the quest for the Orb.
     0 | D:1      | Reached XP level 1. HP: 16/16 MP: 3/3
    83 | D:1      | Reached XP level 2. HP: 11/23 MP: 1/5
   839 | D:2      | Found Vekhimpo's Jewellery Shop.
  1014 | D:2      | Reached XP level 3. HP: 25/28 MP: 6/6
  1906 | D:3      | Noticed Grinder
  1917 | D:3      | Paralysed by Grinder for 2 turns
  2125 | D:3      | Slain by Grinder

Illustrated notes

Levels and vault maps discovered:
D:1:      roderic_dead_forest, layout_basic
D:2:      layout_basic, serial_shops, nicolae_shop_statue_plus,
          minmay_increasing_density
D:3:      cheibrodos_helix_gallery, layout_basic, tgw_trog, minivault_23,
          uniq_grinder

Skill      XL: |  1  2 |
---------------+-------+-----
Dodging        | 2 |  2.2
Fighting       | |  1.6
Unarmed Combat | |  3.2
Spellcasting   | |  2.3
Transmutations | |  2.8

Action                   || total
-------------------------++-------
Melee: Unarmed           ||    96
       Kick              ||    15
       Tailslap          ||     8
       Headbutt          ||    13
       Short sword       ||     7
       Punch             ||     1
 Cast: Beastly Appendage ||    27
  Use: Potion            ||     2
 Stab: Sleeping          ||     1
Armor: Skin              ||    32
Dodge: Dodged            ||    56
